Rangers vs Kings

Created - 3 avril 2024 at 08:33

Goals
1 2 3 T
Rangers 2 0 1 3
Kings 0 1 0 1
Shots
1 2 3 T
Rangers 22 7 9 38
Kings 8 10 6 24

GoalsPenalties
1st period
1. Rangers , Chandler Stephenson 17 (Kyle Connor 43, Frederik Andersen) at 8:49 (PP)
2. Rangers , Nazem Kadri 21 (Carter Verhaeghe 33) at 14:53 (PP)
Brian Dumoulin (LAK) for Tripping (Minor) at 3:52
Alexandar Georgiev (LAK) for Slashing (Minor) at 7:43 - Tomas Hertl served the penalty
Alexandar Georgiev (LAK) for Slashing (Double Minor) at 14:49 - Artemi Panarin served the penalty
2nd period
3. Kings , Christian Fischer 13 (Sean Kuraly 13) at 15:10
Artemi Panarin (LAK) for Cross-checking (Minor) at 17:05
Alex Ovechkin (LAK) for Roughing (Minor) at 18:26
3rd period
4. Rangers , Kyle Connor 31 (Roope Hintz 31, Chandler Stephenson 43) at 11:50 (PP)
Carl Grundstrom (LAK) for Roughing (Minor) at 5:47
Artemi Panarin (LAK) for Tripping (Minor) at 10:46
Jonas Brodin (LAK) for Tripping (Minor) at 14:53
Goalie Stats
Frederik Andersen (NYR), 23 saves from 24 shots - (0,958), W, 26-20-7, 60:00 minutes
Alexandar Georgiev (LAK), 35 saves from 38 shots - (0,921), L, 30-19-3, 60:00 minutes
3 StarsOfficial
1 - Nazem Kadri (NYR)
2 - Frederik Andersen (NYR)
3 - Kyle Connor (NYR)
Referees : Brian Pochmara and Graham Skilliter
Linesman : Kyle Allen and Brent Colby
Game Note
No Game Note
Finance
Level 1 -- Attendance: 5967 (99,45%) -- Ticket Income $537,030
Level 2 -- Attendance: 5000 (100,00%) -- Ticket Income $250,000
Level 3 -- Attendance: 2000 (100,00%) -- Ticket Income $60,000
Level 4 -- Attendance: 4000 (100,00%) -- Ticket Income $40,000
Luxury Box -- Attendance: 952 (95,20%) -- Ticket Income $152,320
Game was played at the Hollywood Garden.
Total Attendance: 17919 (99,55%)
Total Ticket Income: $1,039,350
Other Income: $509,282
Total Income: $1,548,632



Team Name Goals Shots Shots Attemp Shots Blocked PIM HIT PP PK FO%
Rangers 33861100233 / 8 (38%)051%
Kings 12449918230 / 0 (0,00%349%

Rangers
Player Name POS G A P +/- PIM HIT SHT SB MP PP MP PP SHT PK MP PK SHT FO% FOT GA TA
Adam PelechD000-1010214:220:0000:0000% 001
Alexander BarabanovLW/RW0000010019:185:3700:0000% 100
Arthur KaliyevLW/RW0000021010:420:1500:0000% 000
Carter VerhaegheC/LW0110012119:185:3700:00050% 200
Chandler StephensonC/LW/RW112-1004122:467:3810:00052% 2500
Dakota JoshuaC/LW000001407:030:0000:0000% 000
David KampfC/RW000000107:290:1500:00050% 410
Dylan SambergD000-1000013:530:0000:0000% 000
Joshua MorrisseyD0000012026:078:2400:0000% 021
Kyle ConnorC/LW112-1017022:577:3820:0000% 250
Nazem KadriC/LW/RW1010046019:255:3310:00089% 910
Nick JensenD0000041319:315:0600:0000% 000
Noah DobsonD0000041127:288:2400:0000% 000
Philip TomasinoC/LW/RW0000004010:270:0000:00033% 910
Rasmus AnderssonD0000000118:105:0600:0000% 000
Roope HintzC/LW/RW011-1013022:467:3800:0000% 110
Trent FredericC/LW0000022110:270:0000:0000% 000
Tyler MotteC/LW/RW000000007:510:1900:0000% 000
Kings
Player Name POS G A P +/- PIM HIT SHT SB MP PP MP PP SHT PK MP PK SHT FO% FOT GA TA
Alex GoligoskiD0000000122:030:0005:4700% 000
Alex OvechkinLW/RW0000232018:330:0001:4800% 210
Anthony RichardC/LW000001006:310:0000:0000% 000
Artemi PanarinLW/RW0000415017:000:0000:020100% 102
Brian DumoulinD0000202219:460:0001:0400% 000
Carl GrundstromLW/RW000023316:580:0000:0000% 110
Christian FischerC/RW1011002016:280:0007:0600% 101
Jayson MegnaC/RW0000001010:260:0003:55175% 400
Jeff CarterC/RW0000041118:140:0004:13167% 301
Jonas BrodinD0000222225:350:0006:4900% 002
Jordan EberleC/RW0000001113:170:0000:0000% 000
Joshua BrownD0001030011:530:0000:0000% 001
Milan LucicLW000101008:360:0000:0000% 000
Olli MaattaD0000000021:530:0006:0300% 002
Sean KuralyC/LW0111021016:420:0007:20046% 1300
Tage ThompsonC/LW/RW0000004013:530:0000:00045% 2200
Tomas HertlC/LW/RW0000030018:330:0001:57067% 602
Trevor van RiemsdykD0001000119:250:0007:1700% 000

Rangers

5 vs 5 Forward
Line #Left WingCenterRight WingPHYDFOFWanted %Time %Time Play
1Kyle ConnorChandler StephensonRoope Hintz0143633%15:19
2Carter VerhaegheNazem KadriAlexander Barabanov0143429%13:41
3Trent FredericPhilip TomasinoArthur Kaliyev0232322%10:27
4Dakota JoshuaDavid KampfTyler Motte041715%7:03
5 vs 5 Defense
Line #DefenseDefensePHYDFOFWanted %Time %Time Play
1Rasmus AnderssonJoshua Morrissey0413538%17:43
2Noah DobsonNick Jensen0413531%14:25
3Dylan SambergAdam Pelech0413031%14:22
4Adam PelechDylan Samberg04100%0:00
Power Play Forward
Line #Left WingCenterRight WingPHYDFOFWanted %Time %Time Play
1Kyle ConnorChandler StephensonRoope Hintz0145558%7:53
2Carter VerhaegheNazem KadriAlexander Barabanov0144542%5:37
Power Play Defense
Line #DefenseDefensePHYDFOFWanted %Time %Time Play
1Noah DobsonJoshua Morrissey0236062%8:24
2Rasmus AnderssonNick Jensen0234038%5:06
Penalty Kill 4 Players Forward
Line #CenterWingPHYDFOFWanted %Time %Time Play
1David KampfTyler Motte050600%0:00
2Chandler StephensonDakota Joshua050400%0:00
Penalty Kill 4 Players Defense
Line #DefenseDefensePHYDFOFWanted %Time %Time Play
1Adam PelechNick Jensen050600%0:00
2Dylan SambergRasmus Andersson050400%0:00
Penalty Kill 3 Players
Line #WingPHYDFOFWanted %Time %Time PlayDefenseDefensePHYDFOFWanted %Time %Time Play
1David Kampf050600%0:00 Adam PelechNick Jensen050600%0:00
2Chandler Stephenson050400%0:00 Dylan SambergRasmus Andersson050400%0:00
4 vs 4 Forward
Line #CenterWingPHYDFOFWanted %Time %Time Play
1Nazem KadriCarter Verhaeghe032550%0:00
2Roope HintzKyle Connor032450%0:00
4 vs 4 Defense
Line #DefensePHYDFOFWanted %Time %Time Play
1Nick JensenRasmus Andersson032600%0:00
2Joshua MorrisseyNoah Dobson032400%0:00
Last Minutes Offensive
Left WingCenterRight WingDefenseDefense
Kyle ConnorRoope HintzCarter VerhaegheRasmus AnderssonJoshua Morrissey
Last Minutes Defensive
Left WingCenterRight WingDefenseDefense
Tyler MotteDavid KampfChandler StephensonAdam PelechNick Jensen
Time
Total ForwardTotal DefenseLast Minutes OffensiveLast Minutes Defensive
60:00 60:00 0:000:00
Extra Forwards
Normal PowerPlayPenalty Kill
Nazem Kadri, Roope Hintz, Kyle ConnorCarter Verhaeghe, Kyle ConnorRoope Hintz
Extra Defensemen
Normal PowerPlayPenalty Kill
Rasmus Andersson, Joshua Morrissey, Nick JensenNoah Dobson, Dylan SambergJoshua Morrissey
Penalty Shots
Nazem Kadri, Roope Hintz, Chandler Stephenson, Kyle Connor, Carter Verhaeghe
Goalie
Frederik Andersen, Anthony Stolarz
Custom OT Lines Forwards
Kyle Connor, Nazem Kadri, Carter Verhaeghe, Alexander Barabanov, Roope Hintz, Chandler Stephenson, Philip Tomasino, David Kampf, Arthur Kaliyev, Tyler Motte
Custom OT Lines Defensemen
Rasmus Andersson, Nick Jensen, Joshua Morrissey, Noah Dobson, Adam Pelech
Scratches
Erik Karlsson (Left Hand Injury), Sheldon Dries (Healthy)

Kings

5 vs 5 Forward
Line #Left WingCenterRight WingPHYDFOFWanted %Time %Time Play
1Alex OvechkinTomas HertlJordan Eberle0143837%17:14
2Artemi PanarinTage ThompsonJeff Carter0233530%14:09
3Milan LucicSean KuralyChristian Fischer1132018%8:36
4Anthony RichardJayson MegnaCarl Grundstrom122714%6:31
5 vs 5 Defense
Line #DefenseDefensePHYDFOFWanted %Time %Time Play
1Jonas BrodinBrian Dumoulin1314042%19:20
2Alex GoligoskiOlli Maatta1313534%15:50
3Trevor van RiemsdykJoshua Brown1402524%11:20
4Jonas BrodinBrian Dumoulin12200%0:00
Power Play Forward
Line #Left WingCenterRight WingPHYDFOFWanted %Time %Time Play
1Alex OvechkinTomas HertlJordan Eberle005600%0:00
2Artemi PanarinTage ThompsonJeff Carter005400%0:00
Power Play Defense
Line #DefenseDefensePHYDFOFWanted %Time %Time Play
1Jonas BrodinBrian Dumoulin014600%0:00
2Alex GoligoskiOlli Maatta014400%0:00
Penalty Kill 4 Players Forward
Line #CenterWingPHYDFOFWanted %Time %Time Play
1Sean KuralyChristian Fischer1406069%8:55
2Jeff CarterJayson Megna1404031%3:57
Penalty Kill 4 Players Defense
Line #DefenseDefensePHYDFOFWanted %Time %Time Play
1Trevor van RiemsdykJonas Brodin1406061%7:51
2Alex GoligoskiOlli Maatta1404039%5:01
Penalty Kill 3 Players
Line #WingPHYDFOFWanted %Time %Time PlayDefenseDefensePHYDFOFWanted %Time %Time Play
1Sean Kuraly1406095%0:36 Jonas BrodinBrian Dumoulin1406079%0:30
2Jeff Carter140405%0:02 Alex GoligoskiOlli Maatta1404021%0:08
4 vs 4 Forward
Line #CenterWingPHYDFOFWanted %Time %Time Play
1Tomas HertlAlex Ovechkin014600%0:00
2Tage ThompsonJordan Eberle014400%0:00
4 vs 4 Defense
Line #DefensePHYDFOFWanted %Time %Time Play
1Jonas BrodinTrevor van Riemsdyk122600%0:00
2Alex GoligoskiOlli Maatta122400%0:00
Last Minutes Offensive
Left WingCenterRight WingDefenseDefense
Alex OvechkinTomas HertlArtemi PanarinJonas BrodinBrian Dumoulin
Last Minutes Defensive
Left WingCenterRight WingDefenseDefense
Sean KuralyJeff CarterJayson MegnaJonas BrodinBrian Dumoulin
Time
Total ForwardTotal DefenseLast Minutes OffensiveLast Minutes Defensive
60:00 60:00 0:000:00
Extra Forwards
Normal PowerPlayPenalty Kill
Carl Grundstrom, Tomas Hertl, Jeff CarterTomas Hertl, Carl GrundstromTomas Hertl
Extra Defensemen
Normal PowerPlayPenalty Kill
Trevor van Riemsdyk, Jonas Brodin, Olli MaattaTrevor van Riemsdyk, Alex GoligoskiJonas Brodin
Penalty Shots
Tage Thompson, Jeff Carter, Tomas Hertl, Alex Ovechkin, Carl Grundstrom
Goalie
Alexandar Georgiev, Martin Jones
Custom OT Lines Forwards
Alex Ovechkin, Artemi Panarin, Tomas Hertl, Carl Grundstrom, Jeff Carter, Tage Thompson, Sean Kuraly, Jordan Eberle, Christian Fischer, Milan Lucic
Custom OT Lines Defensemen
Jonas Brodin, Alex Goligoski, Brian Dumoulin, Olli Maatta, Trevor van Riemsdyk
Scratches
Rudolfs Balcers (Healthy), Matt Irwin (Healthy)


Play-by-Play

1st period


0:01 of 1st period - Tomas Hertl wins face-off versus Chandler Stephenson in neutral zone.
0:06 of 1st period - Snap shot by Alex Ovechkin.
0:06 of 1st period - Shot Misses the Net.
0:15 of 1st period - Off-side.
0:16 of 1st period - Nazem Kadri wins face-off versus Tage Thompson in neutral zone.
0:23 of 1st period - Snap shot by Nazem Kadri.
0:23 of 1st period - Shot Blocked by Alex Goligoski.
0:38 of 1st period - Icing by Nick Jensen.
0:39 of 1st period - Philip Tomasino wins face-off versus Christian Fischer in Rangers zone.
1:09 of 1st period - Snap shot by Chandler Stephenson.
1:09 of 1st period - Stopped by Alexandar Georgiev without a rebound.
1:10 of 1st period - David Kampf wins face-off versus Alex Ovechkin in Kings zone.
2:02 of 1st period - Rasmus Andersson is hit by Anthony Richard and loses puck.
2:31 of 1st period - Slapshot by Sean Kuraly.
2:31 of 1st period - Shot Misses the Net.
2:51 of 1st period - David Kampf is hit by Sean Kuraly and loses puck.
3:00 of 1st period - Slapshot by Christian Fischer.
3:00 of 1st period - Shot Misses the Net.
3:12 of 1st period - Wrist shot by Alexander Barabanov.
3:12 of 1st period - Shot Misses the Net.
3:22 of 1st period - Snap shot by Carter Verhaeghe.
3:22 of 1st period - Stopped by Alexandar Georgiev without a rebound.
3:23 of 1st period - Tage Thompson wins face-off versus Kyle Connor in Kings zone.
3:35 of 1st period - Slapshot by Tage Thompson.
3:35 of 1st period - Stopped by Frederik Andersen with a rebound.
3:37 of 1st period - Slapshot by Brian Dumoulin.
3:37 of 1st period - Stopped by Frederik Andersen without a rebound.
3:38 of 1st period - Nazem Kadri wins face-off versus Alex Ovechkin in Rangers zone.
3:52 of 1st period - Minor Penalty to Brian Dumoulin for Tripping.
3:53 of 1st period - Sean Kuraly wins face-off versus Chandler Stephenson in Kings zone.
3:53 of 1st period - Sean Kuraly is hit by Noah Dobson.
4:20 of 1st period - Nazem Kadri is hit by Jeff Carter and loses puck.
4:33 of 1st period - Wrist shot by Jeff Carter.
4:33 of 1st period - Stopped by Frederik Andersen without a rebound.
4:34 of 1st period - Chandler Stephenson wins face-off versus Sean Kuraly in Rangers zone.
4:45 of 1st period - Olli Maatta is hit by Nick Jensen and loses puck.
5:00 of 1st period - Carter Verhaeghe is hit by Jeff Carter and loses puck.
5:05 of 1st period - Snap shot by Jayson Megna.
5:05 of 1st period - Stopped by Frederik Andersen without a rebound.
5:06 of 1st period - Jeff Carter wins face-off versus Chandler Stephenson in Rangers zone.
5:21 of 1st period - Snap shot by Roope Hintz.
5:21 of 1st period - Shot Misses the Net.
5:40 of 1st period - Snap shot by Jeff Carter.
5:40 of 1st period - Shot Misses the Net.
5:52 of 1st period - Penalty to Brian Dumoulin is over, Brian Dumoulin is back on ice.
5:57 of 1st period - Brian Dumoulin is hit by Kyle Connor and loses puck.
6:34 of 1st period - Milan Lucic is hit by Nazem Kadri.
7:07 of 1st period - Snap shot by Philip Tomasino.
7:07 of 1st period - Stopped by Alexandar Georgiev without a rebound.
7:08 of 1st period - Philip Tomasino wins face-off versus Tomas Hertl in Kings zone.
7:09 of 1st period - Wrist shot by Arthur Kaliyev.
7:09 of 1st period - Shot Misses the Net.
7:11 of 1st period - Backhand shot by Trent Frederic.
7:11 of 1st period - Shot Blocked by Jonas Brodin.
7:13 of 1st period - Slapshot by Noah Dobson.
7:13 of 1st period - Shot Misses the Net.
7:15 of 1st period - Snap shot by Trent Frederic.
7:15 of 1st period - Stopped by Alexandar Georgiev with a rebound.
7:17 of 1st period - Snap shot by Trent Frederic.
7:17 of 1st period - Shot Blocked by Jordan Eberle.
7:19 of 1st period - Slapshot by Trent Frederic.
7:19 of 1st period - Shot Misses the Net.
7:21 of 1st period - Wrist shot by Trent Frederic.
7:21 of 1st period - Stopped by Alexandar Georgiev with a rebound.
7:23 of 1st period - Slapshot by Nick Jensen.
7:23 of 1st period - Stopped by Alexandar Georgiev with a rebound.
7:41 of 1st period - Wrist shot by Carter Verhaeghe.
7:41 of 1st period - Stopped by Alexandar Georgiev with a rebound.
7:43 of 1st period - Wrist shot by Nazem Kadri.
7:43 of 1st period - Stopped by Alexandar Georgiev without a rebound.
7:43 of 1st period - Minor Penalty to Alexandar Georgiev for Slashing.
7:44 of 1st period - Chandler Stephenson wins face-off versus Sean Kuraly in Kings zone.
8:39 of 1st period - Off-side.
8:40 of 1st period - Jeff Carter wins face-off versus Chandler Stephenson in neutral zone.
8:49 of 1st period - Snap shot by Chandler Stephenson.
8:49 of 1st period - Goal by Chandler Stephenson - Rangers : 1 - Kings : 0.
8:50 of 1st period - Tage Thompson wins face-off versus Chandler Stephenson in neutral zone.
9:03 of 1st period - Slapshot by Artemi Panarin.
9:03 of 1st period - Stopped by Frederik Andersen with a rebound.
9:42 of 1st period - Wrist shot by Anthony Richard.
9:42 of 1st period - Deflect By Carl Grundstrom.
9:42 of 1st period - Shot Blocked by Adam Pelech.
9:42 of 1st period - Puck is out of play.
9:43 of 1st period - Jayson Megna wins face-off versus Philip Tomasino in Rangers zone.
9:56 of 1st period - Wrist shot by Arthur Kaliyev.
9:56 of 1st period - Shot Misses the Net.
9:58 of 1st period - Wrist shot by Philip Tomasino.
9:58 of 1st period - Shot Blocked by Carl Grundstrom.
10:00 of 1st period - Slapshot by Rasmus Andersson.
10:00 of 1st period - Deflect By Philip Tomasino.
10:00 of 1st period - Shot Misses the Net.
10:00 of 1st period - Puck is out of play.
10:01 of 1st period - Chandler Stephenson wins face-off versus Tage Thompson in Kings zone.
10:06 of 1st period - Snap shot by Chandler Stephenson.
10:06 of 1st period - Shot Misses the Net.
10:08 of 1st period - Snap shot by Kyle Connor.
10:08 of 1st period - Stopped by Alexandar Georgiev with a rebound.
10:10 of 1st period - Snap shot by Roope Hintz.
10:10 of 1st period - Deflect By Kyle Connor.
10:10 of 1st period - Stopped by Alexandar Georgiev with a rebound.
10:12 of 1st period - Wrist shot by Chandler Stephenson.
10:12 of 1st period - Deflect By Roope Hintz.
10:12 of 1st period - Stopped by Alexandar Georgiev without a rebound.
10:13 of 1st period - Artemi Panarin wins face-off versus Chandler Stephenson in Kings zone.
10:45 of 1st period - Alexander Barabanov is hit by Alex Ovechkin and loses puck.
11:06 of 1st period - Snap shot by Sean Kuraly.
11:06 of 1st period - Shot Blocked by Nick Jensen.
11:08 of 1st period - Slapshot by Jonas Brodin.
11:08 of 1st period - Stopped by Frederik Andersen with a rebound.
11:10 of 1st period - Snap shot by Christian Fischer.
11:10 of 1st period - Shot Blocked by Nick Jensen.
11:12 of 1st period - Slapshot by Jonas Brodin.
11:12 of 1st period - Deflect By Sean Kuraly.
11:12 of 1st period - Stopped by Frederik Andersen without a rebound.
11:13 of 1st period - Tage Thompson wins face-off versus Chandler Stephenson in Rangers zone.
11:14 of 1st period - Snap shot by Artemi Panarin.
11:14 of 1st period - Stopped by Frederik Andersen without a rebound.
11:15 of 1st period - Tage Thompson wins face-off versus Chandler Stephenson in Rangers zone.
12:24 of 1st period - Dakota Joshua is hit by Carl Grundstrom.
12:50 of 1st period - Snap shot by Artemi Panarin.
12:50 of 1st period - Shot Misses the Net.
13:30 of 1st period - Slapshot by Joshua Morrissey.
13:30 of 1st period - Shot Misses the Net.
13:36 of 1st period - Wrist shot by Philip Tomasino.
13:36 of 1st period - Stopped by Alexandar Georgiev without a rebound.
13:37 of 1st period - Tage Thompson wins face-off versus Chandler Stephenson in Kings zone.
13:44 of 1st period - Wrist shot by Tage Thompson.
13:44 of 1st period - Deflect By Roope Hintz.
13:44 of 1st period - Shot Blocked by Chandler Stephenson.
13:44 of 1st period - Puck is out of play.
13:45 of 1st period - Chandler Stephenson wins face-off versus Tage Thompson in Rangers zone.
14:02 of 1st period - Tage Thompson is hit by Noah Dobson and loses puck.
14:35 of 1st period - Snap shot by Kyle Connor.
14:35 of 1st period - Stopped by Alexandar Georgiev with a rebound.
14:37 of 1st period - Slapshot by Noah Dobson.
14:37 of 1st period - Stopped by Alexandar Georgiev with a rebound.
14:43 of 1st period - Slapshot by Chandler Stephenson.
14:43 of 1st period - Stopped by Alexandar Georgiev with a rebound.
14:45 of 1st period - Snap shot by Chandler Stephenson.
14:45 of 1st period - Shot Blocked by Jonas Brodin.
14:47 of 1st period - Slapshot by Noah Dobson.
14:47 of 1st period - Shot Blocked by Jeff Carter.
14:49 of 1st period - Snap shot by Chandler Stephenson.
14:49 of 1st period - Stopped by Alexandar Georgiev without a rebound.
14:49 of 1st period - Double Minor Penalty to Alexandar Georgiev for Slashing.
14:50 of 1st period - Nazem Kadri wins face-off versus Sean Kuraly in Kings zone.
14:53 of 1st period - Slapshot by Nazem Kadri.
14:53 of 1st period - Goal by Nazem Kadri - Rangers : 2 - Kings : 0.
14:54 of 1st period - Sean Kuraly wins face-off versus Chandler Stephenson in neutral zone.
15:06 of 1st period - Backhand shot by Christian Fischer.
15:06 of 1st period - Shot Misses the Net.
15:08 of 1st period - Snap shot by Christian Fischer.
15:08 of 1st period - Shot Misses the Net.
16:53 of 1st period - Penalty to Artemi Panarin is over, Artemi Panarin is back on ice.
17:25 of 1st period - Roope Hintz is hit by Artemi Panarin and loses puck.
17:40 of 1st period - Wrist shot by Kyle Connor.
17:40 of 1st period - Stopped by Alexandar Georgiev with a rebound.
17:48 of 1st period - Snap shot by Roope Hintz.
17:48 of 1st period - Stopped by Alexandar Georgiev with a rebound.
17:50 of 1st period - Slapshot by Joshua Morrissey.
17:50 of 1st period - Stopped by Alexandar Georgiev with a rebound.
17:52 of 1st period - Snap shot by Roope Hintz.
17:52 of 1st period - Stopped by Alexandar Georgiev with a rebound.
Goals for this period are 2 for Rangers vs 0 for Kings.
Shots for this period are 22 for Rangers vs 8 for Kings.

2nd period


0:01 of 2nd period - Carter Verhaeghe wins face-off versus Tage Thompson in neutral zone.
0:04 of 2nd period - Snap shot by Nazem Kadri.
0:04 of 2nd period - Deflect By Artemi Panarin.
0:04 of 2nd period - Shot Blocked by Brian Dumoulin.
0:04 of 2nd period - Puck is out of play.
0:05 of 2nd period - Nazem Kadri wins face-off versus Tage Thompson in Kings zone.
0:52 of 2nd period - Snap shot by Tomas Hertl.
0:52 of 2nd period - Shot Misses the Net.
1:37 of 2nd period - Tage Thompson is hit by Dakota Joshua.
2:03 of 2nd period - Slapshot by Noah Dobson.
2:03 of 2nd period - Deflect By David Kampf.
2:03 of 2nd period - Stopped by Alexandar Georgiev without a rebound.
2:04 of 2nd period - Tage Thompson wins face-off versus Carter Verhaeghe in Kings zone.
2:38 of 2nd period - Snap shot by Christian Fischer.
2:38 of 2nd period - Stopped by Frederik Andersen without a rebound.
2:39 of 2nd period - Tage Thompson wins face-off versus Philip Tomasino in Rangers zone.
2:52 of 2nd period - Slapshot by Tage Thompson.
2:52 of 2nd period - Shot Blocked by Adam Pelech.
3:13 of 2nd period - Backhand shot by Nazem Kadri.
3:13 of 2nd period - Stopped by Alexandar Georgiev with a rebound.
3:44 of 2nd period - Off-side.
3:45 of 2nd period - David Kampf wins face-off versus Jayson Megna in neutral zone.
4:10 of 2nd period - Jeff Carter is hit by Joshua Morrissey and loses puck.
5:01 of 2nd period - Snap shot by Jayson Megna.
5:01 of 2nd period - Shot Misses the Net.
5:03 of 2nd period - Slapshot by Carl Grundstrom.
5:03 of 2nd period - Stopped by Frederik Andersen without a rebound.
5:04 of 2nd period - Nazem Kadri wins face-off versus Tage Thompson in Rangers zone.
5:04 of 2nd period - Nazem Kadri is hit by Jonas Brodin.
5:24 of 2nd period - Brian Dumoulin is hit by Nazem Kadri.
5:38 of 2nd period - Snap shot by Philip Tomasino.
5:38 of 2nd period - Stopped by Alexandar Georgiev without a rebound.
5:39 of 2nd period - Tomas Hertl wins face-off versus Philip Tomasino in Kings zone.
5:48 of 2nd period - Slapshot by Alex Ovechkin.
5:48 of 2nd period - Stopped by Frederik Andersen with a rebound.
6:10 of 2nd period - Snap shot by Tage Thompson.
6:10 of 2nd period - Stopped by Frederik Andersen with a rebound.
6:12 of 2nd period - Snap shot by Alex Goligoski.
6:12 of 2nd period - Shot Blocked by Nick Jensen.
6:14 of 2nd period - Snap shot by Tage Thompson.
6:14 of 2nd period - Stopped by Frederik Andersen with a rebound.
6:16 of 2nd period - Snap shot by Artemi Panarin.
6:16 of 2nd period - Stopped by Frederik Andersen with a rebound.
7:11 of 2nd period - Slapshot by Alexander Barabanov.
7:11 of 2nd period - Deflect By Nazem Kadri.
7:11 of 2nd period - Stopped by Alexandar Georgiev with a rebound.
8:01 of 2nd period - Slapshot by Carter Verhaeghe.
8:01 of 2nd period - Deflect By Nazem Kadri.
8:01 of 2nd period - Shot Misses the Net.
8:01 of 2nd period - Puck is out of play.
8:02 of 2nd period - Tage Thompson wins face-off versus Philip Tomasino in Kings zone.
9:33 of 2nd period - Kyle Connor is hit by Tomas Hertl.
9:51 of 2nd period - David Kampf is hit by Jonas Brodin and loses puck.
10:02 of 2nd period - Alex Goligoski is hit by Trent Frederic and loses puck.
10:25 of 2nd period - Wrist shot by Tomas Hertl.
10:25 of 2nd period - Shot Misses the Net.
10:34 of 2nd period - Off-side.
10:35 of 2nd period - Sean Kuraly wins face-off versus David Kampf in neutral zone.
10:46 of 2nd period - David Kampf is hit by Joshua Brown and loses puck.
10:59 of 2nd period - Jordan Eberle is hit by Roope Hintz and loses puck.
11:04 of 2nd period - Slapshot by Kyle Connor.
11:04 of 2nd period - Stopped by Alexandar Georgiev with a rebound.
12:11 of 2nd period - Roope Hintz is hit by Alex Ovechkin and loses puck.
12:41 of 2nd period - Tyler Motte is hit by Joshua Brown.
13:08 of 2nd period - Trent Frederic is hit by Sean Kuraly and loses puck.
13:25 of 2nd period - Slapshot by Jonas Brodin.
13:25 of 2nd period - Stopped by Frederik Andersen with a rebound.
13:59 of 2nd period - Tyler Motte is hit by Jeff Carter and loses puck.
14:22 of 2nd period - Jayson Megna is hit by Nick Jensen and loses puck.
14:43 of 2nd period - Alex Ovechkin is hit by Carter Verhaeghe.
15:10 of 2nd period - Wrist shot by Christian Fischer.
15:10 of 2nd period - Goal by Christian Fischer - Rangers : 2 - Kings : 1.
15:11 of 2nd period - Nazem Kadri wins face-off versus Tage Thompson in neutral zone.
15:16 of 2nd period - Jeff Carter is hit by Alexander Barabanov.
15:26 of 2nd period - Slapshot by Artemi Panarin.
15:26 of 2nd period - Stopped by Frederik Andersen with a rebound.
16:05 of 2nd period - Snap shot by Arthur Kaliyev.
16:05 of 2nd period - Shot Misses the Net.
16:07 of 2nd period - Slapshot by Joshua Morrissey.
16:07 of 2nd period - Shot Blocked by Trevor van Riemsdyk.
16:09 of 2nd period - Slapshot by Joshua Morrissey.
16:09 of 2nd period - Stopped by Alexandar Georgiev with a rebound.
16:27 of 2nd period - Slapshot by Artemi Panarin.
16:27 of 2nd period - Stopped by Frederik Andersen without a rebound.
16:28 of 2nd period - Tomas Hertl wins face-off versus Alexander Barabanov in Rangers zone.
16:53 of 2nd period - Tomas Hertl is hit by Trent Frederic and loses puck.
17:02 of 2nd period - Slapshot by Philip Tomasino.
17:02 of 2nd period - Stopped by Alexandar Georgiev without a rebound.
17:03 of 2nd period - Tage Thompson wins face-off versus Nazem Kadri in Kings zone.
17:05 of 2nd period - Minor Penalty to Artemi Panarin for Cross-checking.
17:06 of 2nd period - Sean Kuraly wins face-off versus Kyle Connor in Kings zone.
17:33 of 2nd period - Jonas Brodin is hit by Nazem Kadri and loses puck.
18:26 of 2nd period - Minor Penalty to Alex Ovechkin for Roughing.
18:27 of 2nd period - Sean Kuraly wins face-off versus Chandler Stephenson in Kings zone.
19:05 of 2nd period - Penalty to Artemi Panarin is over, Artemi Panarin is back on ice.
19:47 of 2nd period - Slapshot by Olli Maatta.
19:47 of 2nd period - Shot Blocked by Rasmus Andersson.
19:53 of 2nd period - Tomas Hertl is hit by Arthur Kaliyev.
Goals for this period are 0 for Rangers vs 1 for Kings.
Shots for this period are 7 for Rangers vs 10 for Kings.

3rd period


0:01 of 3rd period - Chandler Stephenson wins face-off versus Sean Kuraly in neutral zone.
0:12 of 3rd period - Snap shot by Kyle Connor.
0:12 of 3rd period - Stopped by Alexandar Georgiev without a rebound.
0:13 of 3rd period - Sean Kuraly wins face-off versus Chandler Stephenson in Kings zone.
0:26 of 3rd period - Penalty to Alex Ovechkin is over, Alex Ovechkin is back on ice.
1:50 of 3rd period - Wrist shot by Tomas Hertl.
1:50 of 3rd period - Shot Blocked by Noah Dobson.
2:10 of 3rd period - Slapshot by Alex Ovechkin.
2:10 of 3rd period - Shot Blocked by Carter Verhaeghe.
2:20 of 3rd period - Wrist shot by Alex Ovechkin.
2:20 of 3rd period - Stopped by Frederik Andersen with a rebound.
2:32 of 3rd period - Backhand shot by Tomas Hertl.
2:32 of 3rd period - Shot Misses the Net.
2:34 of 3rd period - Snap shot by Jordan Eberle.
2:34 of 3rd period - Stopped by Frederik Andersen with a rebound.
2:44 of 3rd period - Snap shot by Nazem Kadri.
2:44 of 3rd period - Stopped by Alexandar Georgiev without a rebound.
2:45 of 3rd period - Chandler Stephenson wins face-off versus Tage Thompson in Kings zone.
3:17 of 3rd period - Wrist shot by Christian Fischer.
3:17 of 3rd period - Shot Blocked by Trent Frederic.
3:22 of 3rd period - Off-side.
3:23 of 3rd period - Jayson Megna wins face-off versus Roope Hintz in neutral zone.
3:34 of 3rd period - Icing by Chandler Stephenson.
3:35 of 3rd period - Chandler Stephenson wins face-off versus Jeff Carter in Rangers zone.
3:45 of 3rd period - Slapshot by Tage Thompson.
3:45 of 3rd period - Stopped by Frederik Andersen without a rebound.
3:46 of 3rd period - Chandler Stephenson wins face-off versus Tage Thompson in Rangers zone.
3:50 of 3rd period - Off-side.
3:51 of 3rd period - Chandler Stephenson wins face-off versus Tage Thompson in neutral zone.
4:43 of 3rd period - Off-side.
4:44 of 3rd period - Nazem Kadri wins face-off versus Tage Thompson in neutral zone.
5:47 of 3rd period - Minor Penalty to Carl Grundstrom for Roughing.
5:48 of 3rd period - Chandler Stephenson wins face-off versus Sean Kuraly in Kings zone.
6:14 of 3rd period - Sean Kuraly is hit by Noah Dobson and loses puck.
6:35 of 3rd period - Snap shot by Jeff Carter.
6:35 of 3rd period - Shot Misses the Net.
7:31 of 3rd period - Jonas Brodin is hit by Nazem Kadri and loses puck.
7:47 of 3rd period - Penalty to Carl Grundstrom is over, Carl Grundstrom is back on ice.
8:29 of 3rd period - Alex Goligoski is hit by Arthur Kaliyev and loses puck.
8:36 of 3rd period - Arthur Kaliyev is hit by Carl Grundstrom and loses puck.
9:09 of 3rd period - Dakota Joshua is hit by Tomas Hertl and loses puck.
9:22 of 3rd period - Jonas Brodin is hit by Nick Jensen and loses puck.
9:46 of 3rd period - Joshua Morrissey is hit by Carl Grundstrom and loses puck.
9:59 of 3rd period - Kyle Connor is hit by Jeff Carter.
10:28 of 3rd period - Wrist shot by Sean Kuraly.
10:28 of 3rd period - Shot Misses the Net.
10:46 of 3rd period - Minor Penalty to Artemi Panarin for Tripping.
10:47 of 3rd period - Chandler Stephenson wins face-off versus Sean Kuraly in Kings zone.
11:44 of 3rd period - Slapshot by Chandler Stephenson.
11:44 of 3rd period - Shot Misses the Net.
11:50 of 3rd period - Snap shot by Kyle Connor.
11:50 of 3rd period - Goal by Kyle Connor - Rangers : 3 - Kings : 1.
11:51 of 3rd period - Nazem Kadri wins face-off versus Tage Thompson in neutral zone.
11:56 of 3rd period - Artemi Panarin is hit by Adam Pelech and loses puck.
12:23 of 3rd period - Wrist shot by Carl Grundstrom.
12:23 of 3rd period - Stopped by Frederik Andersen without a rebound.
12:24 of 3rd period - Jayson Megna wins face-off versus Philip Tomasino in Rangers zone.
12:25 of 3rd period - Slapshot by Carl Grundstrom.
12:25 of 3rd period - Stopped by Frederik Andersen without a rebound.
12:26 of 3rd period - Tage Thompson wins face-off versus Philip Tomasino in Rangers zone.
12:33 of 3rd period - Tage Thompson is hit by Noah Dobson.
12:37 of 3rd period - Snap shot by Arthur Kaliyev.
12:37 of 3rd period - Shot Blocked by Brian Dumoulin.
13:01 of 3rd period - Snap shot by Nazem Kadri.
13:01 of 3rd period - Stopped by Alexandar Georgiev without a rebound.
13:02 of 3rd period - Chandler Stephenson wins face-off versus Tomas Hertl in Kings zone.
13:19 of 3rd period - Snap shot by Roope Hintz.
13:19 of 3rd period - Shot Misses the Net.
14:19 of 3rd period - Slapshot by Noah Dobson.
14:19 of 3rd period - Deflect By Dakota Joshua.
14:19 of 3rd period - Stopped by Alexandar Georgiev with a rebound.
14:21 of 3rd period - Slapshot by Dakota Joshua.
14:21 of 3rd period - Stopped by Alexandar Georgiev with a rebound.
14:23 of 3rd period - Backhand shot by Dakota Joshua.
14:23 of 3rd period - Stopped by Alexandar Georgiev with a rebound.
14:27 of 3rd period - Snap shot by Tyler Motte.
14:27 of 3rd period - Shot Misses the Net.
14:29 of 3rd period - Wrist shot by Dakota Joshua.
14:29 of 3rd period - Stopped by Alexandar Georgiev with a rebound.
14:53 of 3rd period - Minor Penalty to Jonas Brodin for Tripping.
14:54 of 3rd period - Chandler Stephenson wins face-off versus Sean Kuraly in Kings zone.
16:05 of 3rd period - Nick Jensen is hit by Alex Ovechkin and loses puck.
16:53 of 3rd period - Penalty to Jonas Brodin is over, Jonas Brodin is back on ice.
17:16 of 3rd period - Snap shot by Christian Fischer.
17:16 of 3rd period - Shot Misses the Net.
17:18 of 3rd period - Slapshot by Brian Dumoulin.
17:18 of 3rd period - Stopped by Frederik Andersen without a rebound.
17:19 of 3rd period - Tomas Hertl wins face-off versus David Kampf in Rangers zone.
17:22 of 3rd period - Slapshot by Alex Ovechkin.
17:22 of 3rd period - Shot Misses the Net.
17:53 of 3rd period - Dylan Samberg is hit by Joshua Brown and loses puck.
18:19 of 3rd period - Joshua Brown is hit by Nick Jensen.
18:58 of 3rd period - Backhand shot by Arthur Kaliyev.
18:58 of 3rd period - Stopped by Alexandar Georgiev without a rebound.
18:59 of 3rd period - Philip Tomasino wins face-off versus Carl Grundstrom in Kings zone.
19:24 of 3rd period - Chandler Stephenson is hit by Milan Lucic and loses puck.
19:37 of 3rd period - Kyle Connor is hit by Tomas Hertl and loses puck.
Goals for this period are 1 for Rangers vs 0 for Kings.
Shots for this period are 9 for Rangers vs 6 for Kings.




Output by the SimonT Hockey Simulator (STHS) for Eric Tremblay - Original Page W3C HTML5 Valid
Hockey Simulator - Hockey Simulation - Hockey Manager